 Dungeon Crawl Stone Soup version 0.28.0-53-g5a82cb258f (webtiles) character file.

Game seed: 2257572596794615910

35431 jjjjhere the Grappler (level 13, -4/133 HPs)
             Began as a Troll Delver on July 9, 2022.
             Was a High Priest of Okawaru.
             Slain by Rupert
             ... wielding a +1 vorpal battleaxe
              (21 damage)
             ... on level 3 of the Lair of Beasts.
             The game lasted 00:33:18 (15110 turns).

jjjjhere the Grappler (Troll Delver)               Turns: 15110, Time: 00:33:19

Health: -4/133     AC:  9    Str: 31    XL:     13   Next: 47%
Magic:  18/18      EV:  8    Int:  8    God:    Okawaru [*****.]
Gold:   1082       SH: 10    Dex: 13    Spells: 12/12 levels left

rFire   . . .      SeeInvis .     - Unarmed
rCold   . . .      Faith    .   C - +0 kite shield of Misanthropy {Int+2}
rNeg    . . .      Spirit   .   J - +0 troll leather armour
rPois   .          Reflect  .   (helmet restricted)
rElec   .          Harm     .   m - +2 cloak
rCorr   .          Rampage  .   (gloves unavailable)
Will    .....                   (boots unavailable)
Stlth   ++........              (no amulet)
HPRegen 1.92/turn               i - +6 ring of strength
MPRegen 0.16/turn               (no ring)

@: studying 2 skills
A: large, unfitting armour, claws 3, regeneration 1, shaggy fur 1, tough skin 1
a: Renounce Religion, Heroism, Finesse, Duel


You were on level 3 of the Lair of Beasts.
You worshipped Okawaru.
Okawaru was extremely pleased with you.
You visited 3 branches of the dungeon, and saw 15 of its levels.
You also visited: Sewer and Bailey.

You collected 1292 gold pieces.
You spent 210 gold pieces at shops.

Inventory:

Hand Weapons
 t - a +0 whip of electrocution
Missiles
 o - 19 boomerangs (quivered)
 D - 2 throwing nets
 H - 26 javelins
Armour
 m - a +2 cloak (worn)
 C - the +0 kite shield of Misanthropy (worn) {Int+2}
   (Okawaru gifted it to you on level 7 of the Dungeon)

   Int:       It affects your intelligence (+2).
 J - a +0 troll leather armour (worn)
Jewellery
 i - a +6 ring of strength (left claw)
 s - a ring of fire
 G - a ring of wizardry
 I - a ring of protection from fire
Wands
 f - a wand of digging (3)
 h - a wand of flame (19)
 n - a wand of iceblast (15)
Scrolls
 b - 4 scrolls of fog
 c - 2 scrolls of magic mapping
 j - a scroll of amnesia
 p - a scroll of enchant armour
 q - 3 scrolls of teleportation
 u - a scroll of immolation {unknown}
 y - a scroll of silence
 F - 3 scrolls of enchant weapon
Potions
 d - 3 potions of magic
 e - a potion of haste
 g - a potion of lignification
 k - 8 potions of curing
 l - 7 potions of mutation
 r - a potion of degeneration {unknown}
 w - 8 potions of heal wounds
 x - 4 potions of brilliance
 z - 4 potions of might
 B - 2 potions of attraction
 E - a potion of cancellation {unknown}
Miscellaneous
 a - a condenser vane (inert)
 v - a piece from Xom's chessboard (15/15)


   Skills:
 + Level 10.0 Fighting
 - Level 7.0 Throwing
 - Level 1.5 Dodging
 - Level 2.7 Stealth
 - Level 7.8 Shields
 - Level 13.7 Unarmed Combat
 - Level 8.2 Invocations
 + Level 5.1 Evocations


You had 12 spell levels left.
You didn't know any spells.
Your spell library contained the following spells:

 Spells                   Type           Power      Damage    Failure   Level
 Corpse Rot               Necr/Air       0%         N/A       83%         2
 Ensorcelled Hibernation  Hex/Ice        0%         N/A       83%         2
 Poisonous Vapours        Pois/Air       0%         N/A       83%         2
 Conjure Flame            Conj/Fire      0%         6-21      96%         3
 Ignite Poison            Fire/Tmut/Pois 0%         N/A       96%         3
 Mephitic Cloud           Conj/Pois/Air  0%         N/A       96%         3
 Spider Form              Tmut/Pois      0%         N/A       96%         3
 Anguish                  Hex/Necr       0%         N/A       100%        4
 Sticky Flame             Conj/Fire      0%         2d3       100%        4
 Freezing Cloud           Conj/Ice/Air   0%         6-21      100%        5
 Polar Vortex             Ice            0%         N/A       100%        9
 Simulacrum               Ice/Necr       Unusable   N/A       N/A         6

Dungeon Overview and Level Annotations

Branches:
Dungeon (10/15)            Temple (0/1) D:6            Lair (3/6) D:10
    Orc (2/2) D:10            Elf (0/3) Orc:2         Sewer (visited)
 Bailey (visited)
  Swamp: Lair:2-4    Shoals: Lair:2-4     Snake: Lair:2-4    Spider: Lair:2-4

Altars:
Ashenzari
Cheibriados
Elyvilon
Kikubaaqudgha
Makhleb
Nemelex Xobeh
Okawaru
Trog
Uskayaw
Xom
Beogh

Shops:
D:5 :   D:6 :   D:9 !   D:10 ?   Orc:2 ((?

Annotations:
Lair:3 Rupert


Innate Abilities, Weirdness & Mutations

You are too large for most types of armour.
You have claws for hands.
Your natural rate of healing is unusually fast.
You are covered in fur. (AC +1)
You have tough skin. (AC +1)


Message History

Unknown command.
Unknown command.
Unknown command.
Rupert is engulfed in poison gas.
Rupert looks even sicker.
The yak is engulfed in poison gas.
The yak looks even sicker. x2
You scratch Rupert.
Rupert is moderately wounded.
The yak is engulfed in poison gas.
The yak looks even sicker.
The yak is engulfed in poison gas.
The yak looks as sick as possible!
The yak is engulfed in poison gas.
The yak looks as sick as possible!
You mangle Rupert!!
Rupert is heavily wounded.
You hear a howl!
Rupert looks as sick as possible!
Rupert roars madly and goes into a rage!
Rupert goes berserk!
The yak is engulfed in poison gas.
The yak looks as sick as possible!
The yak is engulfed in poison gas.
The yak looks as sick as possible!
You bump into the rock wall.
Rupert is engulfed in poison gas.
Rupert looks as sick as possible!
Rupert hits you with a +1 vorpal battleaxe!!
Rupert is engulfed in poison gas.
Rupert looks as sick as possible!
Rupert hits you with a +1 vorpal battleaxe!!!
The yak is engulfed in poison gas.
The yak looks as sick as possible!
You kill the yak!
Okawaru accepts your kill.
The yak is engulfed in poison gas.
The yak looks as sick as possible!
You hear a loud, deep croak!
Your Fighting skill increases to level 10!
Rupert is engulfed in poison gas.
Rupert looks as sick as possible!
The yak is engulfed in poison gas.
The yak looks as sick as possible!
The yak looks as sick as possible!
Rupert hits you with a +1 vorpal battleaxe!!
* * * LOW HITPOINT WARNING * * *
x2 You claw Rupert!
Rupert is severely wounded.
You feel less confused.
A wolf comes into view.
Rupert hits you with a +1 vorpal battleaxe!!
You die...

#........ ......... ^......
..... P #...## ..
#######....# ...
#.##.#..#..## ....
#.@.........##
.....####@........<..######
.h.....#Y...........##..PP#
#§§#.....÷...?.'......
.....h§##....†......######.
...§☼§§ #...........#####..
...§§§. +.............##†##
...○§.# #................##
...... #######P.##.##..†#.


You could see Rupert (berserk, extremely poisoned), a yak (extremely poisoned)
and a wolf.

Vanquished Creatures
  Josephine (D:10)
  A yaktaur captain (D:9)
  An ogre mage (Orc:2)
  A hydra (Lair:1)
  4 two-headed ogres
  3 orc high priests (Orc:2)
  Sonja (Orc:2)
  A fire crab (Lair:3)
  A flayed ghost (D:9)
  Pikel (D:3)
  6 orc knights
  3 deep elf pyromancers (D:9)
  5 orc sorcerers
  Maurice (D:8)
  A cane toad (Lair:3)
  2 black mambas
  2 rust devils
  An efreet (D:9)
  A kobold demonologist (D:8)
  2 rime drakes
  A komodo dragon (Lair:1)
  6 trolls
  Prince Ribbit (D:5)
  Grinder (Sewer)
  Sigmund (D:4)
  9 yaks
  5 wraiths (D:10)
  A shadow (D:9)
  3 wyverns
  A basilisk (Lair:2)
  5 steam dragons
  Eustachio (D:3)
  2 wargs (Orc:2)
  Menkaure (D:5)
  Edmund (D:5)
  An acid dragon (D:9)
  4 water moccasins
  Duvessa (D:5)
  A hornet zombie (D:6)
  45 orc warriors
  3 ice beasts
  A black bear (D:6)
  A necrophage (Sewer)
  A sky beast (D:8)
  7 ogres
  20 centaurs
  5 wolves
  2 lemures (D:3)
  6 kobold brigands
  8 bullfrogs
  A gnoll sergeant (D:9)
  A wyvern zombie (D:7)
  4 scorpions
  Dowan (D:5)
  8 killer bees
  2 vampire bats (D:3)
  11 howler monkeys
  3 centaur zombies
  2 bullfrog zombies
  A gnoll shaman (D:7)
  4 hounds
  A jelly (D:6)
  19 orc priests
  An iron imp (D:10)
  A centaur skeleton (D:6)
  20 orc wizards
  4 iguanas
  A hound skeleton (D:4)
  4 howler monkey zombies
  13 gnolls
  A howler monkey skeleton (D:7)
  4 adders
  5 shadow imps
  2 white imps (D:7)
  2 ufetubi
  2 worms (D:6)
  2 dart slugs (D:1)
  98 orcs
  A bat skeleton (D:3)
  6 bat zombies
  9 endoplasms
  A giant cockroach (D:1)
  8 goblins
  2 hobgoblins
  3 jackals (D:1)
  46 kobolds
  A quokka (D:3)
  11 ball pythons
  4 bats
  A frilled lizard (D:1)
  2 rats
497 creatures vanquished.

Vanquished Creatures (others)
  8 fungi
  12 plants
20 creatures vanquished.

Grand Total: 517 creatures vanquished

Notes
Turn   | Place    | Note
-------+----------+-------------------------------------------
     0 | D:5      | jjjjhere the Troll Delver began the quest for the Orb.
     0 | D:5      | Reached XP level 1. HP: 22/22 MP: 0/0
    26 | D:5      | Noticed Edmund
    42 | D:5      | Noticed Menkaure
    69 | D:5      | Found Defu's Book Emporium.
    73 | D:5      | Noticed a scorpion
   205 | D:4      | Noticed an iguana
   213 | D:4      | Noticed a lemure
   314 | D:3      | Noticed an iguana
   367 | D:3      | Reached XP level 2. HP: 28/29 MP: 1/1
   509 | D:1      | Found a faded altar of an unknown god.
   551 | D:1      | Prayed at the altar of an unknown god.
   551 | D:1      | Became a worshipper of Warmaster Okawaru
   551 | D:1      | Reached * piety under Okawaru
   596 | D:1      | Reached skill level 3 in Unarmed Combat
   679 | D:1      | Reached XP level 3. HP: 36/36 MP: 2/2
   944 | D:2      | Found a sparkling altar of Nemelex Xobeh.
  1718 | D:3      | Noticed a scorpion
  1724 | D:3      | Killed a scorpion
  1725 | D:3      | Reached skill level 4 in Unarmed Combat
  1725 | D:3      | Reached XP level 4. HP: 43/45 MP: 3/3
  1857 | D:3      | Reached XP level 5. HP: 45/53 MP: 4/4
  1908 | D:3      | Noticed a +0 dagger
  1909 | D:3      | Noticed a +0 dagger
  1909 | D:3      | Noticed a +0 spear
  1909 | D:3      | Noticed a +0 falchion
  1910 | D:3      | Noticed a +0 short sword
  1910 | D:3      | Noticed a +0 falchion
  1910 | D:3      | Noticed a +0 spear
  1910 | D:3      | Noticed a +0 short sword
  1922 | D:3      | Found a hide-covered altar of Uskayaw.
  2169 | D:3      | Reached skill level 5 in Unarmed Combat
  2285 | D:3      | Found an ancient bone altar of Kikubaaqudgha.
  2296 | D:3      | Reached ** piety under Okawaru
  2328 | D:4      | Noticed Pikel
  2328 | D:4      | Noticed a lemure
  2328 | D:4      | Noticed a lemure
  2328 | D:4      | Noticed a lemure
  2328 | D:4      | Noticed Eustachio
  2339 | D:3      | Killed Eustachio
  2340 | D:3      | Reached skill level 6 in Unarmed Combat
  2340 | D:3      | Reached XP level 6. HP: 54/61 MP: 5/5
  2444 | D:4      | Noticed Sigmund
  2615 | D:4      | Killed Sigmund
  2616 | D:4      | Reached skill level 7 in Unarmed Combat
  2616 | D:4      | Reached XP level 7. HP: 66/67 MP: 6/6
  2685 | D:3      | Killed Pikel
  2685 | D:3      | Reached *** piety under Okawaru
  2686 | D:3      | Reached skill level 9 in Unarmed Combat
  2686 | D:3      | Reached XP level 8. HP: 50/75 MP: 7/7
  3276 | D:5      | Reached **** piety under Okawaru
  3277 | D:5      | Reached skill level 10 in Unarmed Combat
  3453 | D:5      | Killed Edmund
  3566 | D:5      | Noticed Dowan
  3569 | D:5      | Noticed Duvessa
  3602 | D:5      | Killed Duvessa
  3603 | D:5      | Reached skill level 1 in Invocations
  3603 | D:5      | Killed Dowan
  3671 | D:5      | Noticed Prince Ribbit
  3677 | D:5      | Killed Prince Ribbit
  3678 | D:5      | Reached skill level 11 in Unarmed Combat
  3770 | D:5      | Killed Menkaure
  3771 | D:5      | Reached XP level 9. HP: 83/83 MP: 8/10
  4070 | D:6      | Found a broken altar of Ashenzari.
  4145 | D:6      | Found a glowing drain.
  4169 | Sewer    | Entered a sewer
  4279 | Sewer    | Found an ancient bone altar of Kikubaaqudgha.
  4304 | Sewer    | Reached ***** piety under Okawaru
  4367 | Sewer    | Noticed Grinder
  4380 | Sewer    | Paralysed by Grinder for 7 turns
  4388 | Sewer    | Killed Grinder
  4587 | D:6      | Found a staircase to the Ecumenical Temple.
  4621 | D:6      | Found a burning altar of Makhleb.
  4698 | D:6      | Reached skill level 5 in Invocations
  4782 | D:6      | Reached skill level 12 in Unarmed Combat
  5108 | D:7      | Identified the +0 kite shield of Misanthropy {Int+2}
                  | (Okawaru gifted it to you on level 7 of the Dungeon)
  5108 | D:7      | Received a gift from Okawaru
  5409 | D:7      | Reached XP level 10. HP: 91/91 MP: 13/13
  5751 | D:6      | Noticed a rust devil
  5751 | D:6      | Noticed a rust devil
  5762 | D:7      | Killed a rust devil
  5791 | D:6      | Killed a rust devil
  5797 | D:6      | Identified the +6 war axe of Guilt {vorpal, rN+ Dex+3}
  5981 | D:8      | Found a flagged portal.
  6001 | Bailey   | Entered a bailey
  6036 | Bailey   | Reached skill level 13 in Unarmed Combat
  6244 | Bailey   | HP: 23/91 [orc warrior/+0 glaive (25)]
  7605 | D:8      | Reached skill level 1 in Shields
  8143 | D:8      | Reached XP level 11. HP: 97/97 MP: 16/16
  8274 | D:8      | Noticed Maurice
  8287 | D:8      | Killed Maurice
  8601 | D:9      | HP: 22/98 [efreet/fireball (28)]
  8623 | D:9      | HP: 30/100 [orc warrior/+0 trident (14)]
  8625 | D:9      | Noticed a deep elf pyromancer
  8637 | D:9      | Killed a deep elf pyromancer
  8644 | D:9      | HP: 31/101 [water moccasin (6)]
  8649 | D:9      | HP: 31/101 [poisoned by a water moccasin]
  8813 | D:9      | Identified the +5 hand crossbow of Disintegration {penet,
                  | rF+} (Okawaru gifted it to you on level 9 of the Dungeon)
  8813 | D:9      | Received a gift from Okawaru
  8832 | D:9      | Noticed a two-headed ogre
  8838 | D:9      | Killed a two-headed ogre
  8852 | D:9      | Reached skill level 5 in Fighting
  8924 | D:9      | Noticed a yaktaur captain
  8925 | D:9      | Noticed a flayed ghost
  8937 | D:9      | Killed a flayed ghost
  8943 | D:9      | Killed a yaktaur captain
  8944 | D:9      | Reached skill level 5 in Shields
  8945 | D:9      | Found the +1 robe of Vines {NoPotionHeal Regen++++}
  9043 | D:9      | Noticed a deep elf pyromancer
  9054 | D:9      | Killed a deep elf pyromancer
  9091 | D:9      | Found Gaaloec's Distillery.
  9100 | D:9      | Bought a potion of might for 52 gold pieces
  9159 | D:9      | Noticed a deep elf pyromancer
  9175 | D:9      | Killed a deep elf pyromancer
  9175 | D:9      | Identified the +12 hand axe "Akeblaidgh" {speed, +Blink rC+
                  | rN++ Int-3} (Okawaru gifted it to you on level 9 of the
                  | Dungeon)
  9175 | D:9      | Received a gift from Okawaru
  9389 | D:9      | Reached XP level 12. HP: 77/115 MP: 17/17
  9764 | D:10     | Entered Level 10 of the Dungeon
  9764 | D:10     | Found Publog's Magic Scroll Boutique.
  9769 | D:10     | Bought a scroll of teleportation for 48 gold pieces
  9836 | D:10     | Found a bloodstained altar of Trog.
 10026 | D:10     | Noticed a two-headed ogre
 10033 | D:10     | Killed a two-headed ogre
 10108 | D:10     | Found a snail-covered altar of Cheibriados.
 10138 | D:10     | Noticed Josephine
 10156 | D:10     | Killed Josephine
 10208 | D:10     | Found a staircase to the Lair.
 10222 | D:10     | Found a staircase to the Orcish Mines.
 10504 | Lair:1   | Entered Level 1 of the Lair of Beasts
 10840 | Lair:1   | Noticed a seven-headed hydra
 10850 | Lair:1   | HP: 35/118 [seven-headed hydra (8)]
 10850 | Lair:1   | HP: 16/118 [seven-headed hydra (4)]
 10924 | Orc:1    | Entered Level 1 of the Orcish Mines
 10933 | Orc:1    | Paralysed by an orc sorcerer for 2 turns
 10987 | D:10     | Received a gift from Okawaru
 10987 | D:10     | Found the +5 robe of Misfortune {Harm *Corrode *Slow EV+5}
 11112 | Orc:1    | Paralysed by an orc sorcerer for 2 turns
 11380 | Orc:1    | You fall into a shaft and drop 1 floor!
 11380 | Orc:2    | Entered Level 2 of the Orcish Mines
 11388 | Orc:2    | Reached skill level 1 in Throwing
 11424 | Orc:2    | Noticed Sonja
 11429 | Orc:2    | Killed Sonja
 11430 | Orc:2    | Reached skill level 1 in Evocations
 11652 | Orc:2    | Noticed an ogre mage
 11652 | Orc:2    | Noticed a two-headed ogre
 11663 | Orc:2    | Killed a two-headed ogre
 11666 | Orc:2    | Noticed a two-headed ogre
 11679 | Orc:1    | Killed a two-headed ogre
 11718 | Orc:2    | Paralysed by an ogre mage for 5 turns
 11734 | Orc:2    | Killed an ogre mage
 11765 | Orc:2    | Found a staircase to the Elven Halls.
 12136 | Orc:2    | Reached skill level 5 in Throwing
 12341 | Orc:2    | Noticed an orc high priest
 12358 | Orc:2    | Killed an orc high priest
 12374 | Orc:2    | Reached XP level 13. HP: 92/131 MP: 13/18
 12374 | Orc:2    | Found Cicem's Book Emporium.
 12385 | Orc:2    | HP: 9/131 [orc knight/+0 battleaxe (41)]
 12386 | Orc:2    | HP: 3/131 [orc knight/+3 battleaxe (7)]
 12393 | Orc:2    | HP: 11/131 [orc high priest/divine providence (12)]
 12400 | Orc:2    | HP: 15/131 [orange demon[an orc high priest] (1)]
 12571 | Orc:2    | HP: 33/131 [ice devil[an orc high priest] (12)]
 12572 | Orc:2    | HP: 15/131 [ice devil[an orc high priest] (12)]
 12572 | Orc:2    | HP: 2/131 [ice devil[an orc high priest] (13)]
 12669 | Orc:1    | HP: 29/131 [orc knight/+3 battleaxe (40)]
 12737 | Orc:2    | Received a gift from Okawaru
 13179 | Orc:2    | Found Seshriaca's Antique Weapon Boutique.
 13198 | Orc:2    | Found Xoobit's Magic Scroll Boutique.
 13200 | Orc:2    | Found Uqomep's Antique Weapon Emporium.
 13206 | Orc:2    | Bought a scroll of teleportation for 30 gold pieces
 13206 | Orc:2    | Bought a scroll of teleportation for 30 gold pieces
 13206 | Orc:2    | Bought a scroll of teleportation for 30 gold pieces
 13206 | Orc:2    | Bought a scroll of identify for 20 gold pieces
 13991 | Lair:2   | Found a white marble altar of Elyvilon.
 15036 | Lair:3   | Reached skill level 5 in Evocations
 15096 | Lair:3   | Noticed Rupert
 15098 | Lair:3   | Found a shimmering altar of Xom.
 15108 | Lair:3   | Reached skill level 10 in Fighting
 15109 | Lair:3   | HP: 16/133 [Rupert/+1 vorpal battleaxe (32)]
 15110 | Lair:3   | Slain by Rupert

Illustrated notes

Levels and vault maps discovered:
D:1:      dpeg_arrival_round_b, layout_rooms,
          shapermc_ecumenical_altar_mp_urbaneastern, minmay_misc_feat_five,
          hangedman_decor_push
D:2:      layout_loops_ring, basic_altar
D:3:      wander_river, layout_loops_cross, nicolae_uskayaw_en_pointe,
          kennysheep_vampire_church
D:4:      cheibrodos_pilgrimage, layout_rooms, nrook_mini_backslash,
          minmay_misc_feat_rows, hangedman_decor_growths, uniq_pikel,
          uniq_eustachio, uniq_sigmund
D:5:      layout_cave_pods, serial_shops, shop, uniq_menkaure, uniq_edmund,
          uniq_prince_ribbit1, uniq_duvessa
D:6:      cheibrodos_iron_armory, layout_loops_cross,
          nicolae_ashenzari_skybound, makhleb_heckhound_becter,
          minmay_temple_entry_drinking_statues, cheibrodos_sewer_entry_sluice,
          grunt_ministairs_2, st_stairs_6, hangedman_decor_diamond_cutter,
          chequers_mini_garden
D:7:      layout_loops_ring, kennysheep_generic_room_10
D:8:      layout_rooms, nicolae_ossuary_entry_false_entrances, enter_bailey_2,
          uniq_maurice
D:9:      minmay_the_grid_4x2 [minmay_the_grid_embedded,
          minmay_the_grid_tri_star, minmay_the_grid_pillar_ring,
          minmay_the_grid_square_x, minmay_the_grid_minigrid_small,
          minmay_the_grid_stretched_grid, minmay_the_grid_minigrid_large,
          minmay_the_grid_prize_diamond_cup], layout_irregular_city,
          serial_shops, shop, chequers_serial_rivers_micro_d,
          hangedman_corner_corridor
D:10:     layout_rooms, slow_altar_1, mainiacjoe_overflow_brackets,
          lair_entry_dummy, david_orc_5, kennysheep_cross_bottleneck,
          minmay_misc_feat_roman, nicolae_stop_n_shop_1, uniq_josephine
Lair:1:   layout_cave_pods
Lair:2:   layout_regular_city, basic_altar
Lair:3:   layout_roguey, minmay_shoals_entry_beasts, basic_altar,
          grunt_megastairs_5, uniq_rupert
Orc:1:    layout_diamond_mine, nicolae_orc_lava_room
Orc:2:    st_orc_elflike, layout_diamond_mine, uniq_sonja

Skill      XL: |  1  2  3  4  5  6  7  8  9 10 11 12 13 |
---------------+----------------------------------------+-----
Unarmed Combat | 3 4 6 7 9 11 12 13 | 13.7
Fighting       | 3 6 9 10 | 10.0
Invocations    | 2 6 8 |  8.2
Shields        | 2 6 7 |  7.8
Throwing       | 6 7 |  7.0
Evocations     | 3 5 |  5.1
Dodging        | |  1.5
Stealth        | |  2.7

Action                   |  1- 3 |  4- 6 |  7- 9 | 10-12 | 13-15 || total
-------------------------+-------+-------+-------+-------+-------++-------
Melee: Unarmed           |    93 |    65 |   261 |   672 |   147 ||  1238
       Punch             |       |     3 |    12 |       |       ||    15
Throw: Boomerang         |       |       |     3 |   146 |     4 ||   153
Invok: Heroism           |       |       |     5 |    38 |     8 ||    51
       Finesse           |       |       |       |     5 |       ||     5
Evoke: Wand              |       |       |       |     2 |       ||     2
       Condenser vane    |       |       |       |     1 |     1 ||     2
       Piece from Xom's  |       |       |       |       |     3 ||     3
  Use: Scroll            |     1 |       |       |    15 |     5 ||    21
       Potion            |       |       |       |       |     2 ||     2
 Stab: Sleeping          |     6 |     1 |     7 |     1 |     1 ||    16
Armor: Robe              |    57 |    29 |   102 |    51 |       ||   239
       Steam dragon scal |       |       |       |    39 |       ||    39
       Troll leather arm |       |       |       |    94 |    32 ||   126
       Acid dragon scale |       |       |       |     6 |       ||     6
       Skin              |       |       |       |     3 |       ||     3
Dodge: Dodged            |    57 |    38 |   136 |   254 |    30 ||   515
Block: Kite shield       |       |       |     7 |   326 |    43 ||   376
